Map: Graystone Ravine

Players

xBenx - Winner!

  • Race: Zerg Zerg
  • League: Gold
  • Spawn Location: 9:00

WarpigxxxL - Winner!

  • Race: Zerg Zerg
  • Spawn Location: 11:00

oframpage

  • Race: Terran Terran
  • Spawn Location: 5:00

Benjanator

  • Race: Protoss Protoss
  • Spawn Location: 3:00

VOD

Have the link to the VOD?

Description

WarpigxxL, xBenx vs Benjanator, oframpage

Time

  • Played on: April 8, 2024, 7:05 p.m.
  • Length: 15:56
Show
View Real Time Build Order
Export as new Build Order

xBenx Zerg - Winner!

Build Orders: Hatch First, Lurkers 

Get SALT Encoding   

  12  0:02  Drone  
  13  0:13  Overlord  
  13  0:18  Drone  
  14  0:41  Drone  
  15  0:48  Hatchery  
  14  0:55  Drone  
  15  1:08  Drone  
  15  1:10  Drone, Extractor  
  16  1:11  Drone  
  17  1:27  Spawning Pool  
  17  1:28  Drone  
  17  1:39  Drone  
  18  1:58  Drone x2  
  18  2:01  Drone  
  21  2:10  Overlord  
  21  2:17  Drone  
  21  2:19  Queen x2  
  21  2:21  Drone  
  21  2:22  Zergling x2  
  28  2:29  Overlord  
  28  2:36  Zergling x4  
  30  3:01  Metabolic Boost  
  30  3:04  Lair  
  30  3:07  Evolution Chamber  
  30  3:11  Drone x3  
  32  3:14  Zergling x6  
  34  3:40  Spore Crawler  
  33  3:43  Spore Crawler  
  33  3:45  Spore Crawler, Queen  
  33  3:51  Drone x2  
  33  3:53  Extractor  
  33  3:54  Drone x2  
  34  4:08  Zerg Ground Armor Level 1  
  34  4:13  Extractor  
  34  4:14  Hatchery  
  34  4:15  Zergling x2, Drone x2  
  34  4:16  Drone  
  36  4:24  Queen  
  36  4:28  Spore Crawler  
  36  4:30  Spore Crawler  
  36  4:35  Drone  
  36  4:37  Spore Crawler  
  35  4:40  Drone  
  34  5:01  Hydralisk Den  
  34  5:02  Drone x3  
  34  5:03  Drone x2  
  34  5:06  Drone x2  
  39  5:15  Drone x3  
  42  5:23  Spore Crawler  
  41  5:31  Lurker Den  
  41  5:35  Zergling x4  
  42  5:38  Drone x3  
  42  5:39  Extractor, Drone  
  45  5:43  Drone  
  45  5:44  Drone  
  45  5:48  Spore Crawler  
  46  5:54  Grooved Spines  
  46  5:55  Overlord  
  46  6:19  Zerg Ground Armor Level 2  
  46  6:20  Infestation Pit  
  46  6:23  Evolution Chamber  
  45  6:26  Evolution Chamber  
  45  6:28  Drone x2  
  45  6:29  Drone x2  
  45  6:32  Hydralisk x2  
  50  6:33  Zergling x8  
  50  6:34  Zergling x2  
  57  6:46  Drone  
  58  6:48  Overlord x2  
  58  6:53  Zerg Missile Weapons Level 1  
  56  7:03  Drone  
  56  7:04  Drone  
  56  7:06  Overlord  
  56  7:07  Drone, Queen  
  61  7:11  Drone x4  
  61  7:14  Hydralisk x2  
  69  7:18  Lurker  
  66  7:24  Drone  
  66  7:26  Extractor, Drone  
  66  7:29  Zergling x6, Spore Crawler  
  70  7:30  Zergling x4  
  71  7:46  Zergling x4  
  73  7:55  Hydralisk x3  
  73  7:56  Zergling x6, Nydus Network  
  81  7:59  Overlord x2  
  81  8:00  Overlord  
  81  8:09  Spore Crawler  
  80  8:14  Extractor  
  75  8:37  Nydus Canal  
  75  8:40  Drone x3  
  78  8:42  Drone x2  
  80  8:56  Lurker x3  
  80  8:58  Zergling x2, Hydralisk x4  
  80  8:59  Zergling x14, Hydralisk x3  
  80  9:01  Overlord x2  
  105  9:03  Overlord  
  105  9:08  Zerg Missile Weapons Level 2  
  105  9:17  Spore Crawler x2  
  105  9:23  Hive  
  103  9:25  Burrow  
  103  9:38  Hatchery  
  102  9:45  Drone x4  
  104  9:46  Spore Crawler  
  104  9:48  Drone x2  
  104  9:49  Drone  
  108  9:59  Overlord  
  108  10:05  Overlord  
  104  10:30  Hydralisk x11  
  122  10:42  Nydus Canal  
  121  10:46  Zerg Ground Armor Level 3  
  121  10:47  Zergling x2, Hydralisk  
  121  10:48  Zergling x4  
  121  10:49  Drone  
  127  10:53  Spore Crawler  
  127  10:56  Spore Crawler  
  125  10:57  Spore Crawler  
  125  11:00  Spore Crawler  
  125  11:03  Nydus Canal  
  104  11:42  Hydralisk  
  104  11:43  Hydralisk x12  
  101  12:05  Zergling x4, Hydralisk x4  
  101  12:06  Zergling x8  
  104  12:09  Lurker x2  
  104  12:10  Overseer  
  104  12:14  Nydus Canal  
  106  12:29  Nydus Canal  
  104  12:41  Zerg Missile Weapons Level 3  
  104  12:46  Nydus Canal  
  104  12:48  Overlord x2  
  104  12:49  Overlord  
  101  12:58  Drone x2  
  101  13:00  Queen  
  102  13:08  Nydus Canal  
  98  13:21  Drone  
  98  13:22  Drone x2  
  98  13:25  Spore Crawler  
  98  13:34  Spore Crawler  
  97  13:38  Lair  
  90  13:42  Spawning Pool  
  90  13:44  Extractor  
  69  14:41  Drone x4  
  69  14:45  Drone x2  
  75  14:46  Hydralisk Den  
  75  14:52  Hatchery  
  65  15:00  Hatchery  
  57  15:40  Drone x3  
  57  15:41  Drone  
  61  15:44  Spore Crawler x2  
  61  15:45  Spore Crawler  
  62  15:47  Spore Crawler  
Show
View Real Time Build Order
Export as new Build Order

WarpigxxxL Zerg - Winner!

Build Orders: Hatch First, Roach Nydus 

Get SALT Encoding   

  12  0:04  Drone  
  13  0:14  Drone  
  13  0:18  Overlord  
  14  0:46  Hatchery  
  14  0:48  Drone  
  14  0:51  Drone  
  15  0:59  Drone  
  16  1:06  Drone  
  17  1:17  Spawning Pool  
  17  1:18  Drone  
  17  1:22  Drone  
  18  1:36  Extractor  
  18  1:38  Drone  
  18  1:44  Drone  
  19  1:59  Drone  
  19  2:00  Drone  
  21  2:16  Drone x2, Spine Crawler  
  21  2:17  Drone  
  21  2:18  Queen  
  21  2:22  Queen  
  25  2:27  Drone  
  25  2:28  Spine Crawler  
  27  2:39  Extractor  
  27  2:43  Drone x2  
  28  2:49  Roach Warren  
  27  2:53  Spine Crawler  
  26  2:59  Lair  
  26  3:01  Drone  
  27  3:10  Drone  
  28  3:17  Overlord x2  
  28  3:23  Overlord  
  28  3:46  Spore Crawler  
  28  3:48  Drone x5, Spore Crawler  
  31  3:58  Spore Crawler  
  31  4:02  Spore Crawler  
  29  4:07  Spore Crawler  
  30  4:10  Roach  
  30  4:14  Drone  
  33  4:17  Roach  
  33  4:22  Burrow  
  32  4:38  Roach x3  
  35  4:41  Roach  
  39  4:50  Drone x2  
  39  4:51  Drone  
  42  5:05  Nydus Network  
  41  5:08  Roach x2  
  45  5:14  Tunneling Claws  
  45  5:24  Zergling x2  
  46  5:40  Roach x3  
  46  5:41  Overlord  
  52  6:04  Roach x2  
  52  6:05  Roach x2  
  52  6:10  Overlord x2  
  60  6:14  Nydus Canal  
  60  6:18  Overlord  
  60  6:33  Glial Reconstitution  
  56  6:44  Roach x6  
  67  6:48  Roach  
  65  7:17  Roach x3  
  65  7:18  Roach x3  
  77  7:31  Roach x2  
  73  7:48  Roach x4  
  73  7:50  Roach  
  73  7:51  Roach x3  
  61  8:00  Roach x4  
  61  8:01  Roach  
  61  8:05  Nydus Canal  
  63  8:14  Roach  
  63  8:15  Roach x2  
  69  8:24  Nydus Canal  
  65  8:29  Roach x2  
  65  8:31  Roach x2  
  67  8:58  Nydus Canal  
  67  9:00  Roach x2  
  67  9:01  Roach x4  
  79  9:18  Zergling x4  
  81  9:30  Roach  
  83  9:31  Zergling x2  
  83  9:33  Roach, Overlord  
  84  9:41  Nydus Canal  
  84  9:53  Hatchery  
  84  9:57  Hatchery  
  80  10:05  Nydus Canal  
  80  10:34  Roach x24  
  77  10:49  Roach x21  
  77  11:00  Roach x20  
  59  11:27  Roach x5  
  59  11:28  Roach x2  
  59  11:29  Roach x7  
  59  11:30  Roach x2  
  59  11:41  Zergling x2, Roach x3  
  59  11:43  Nydus Canal  
  66  11:50  Roach  
  68  11:58  Roach x4  
  76  12:13  Roach  
  76  12:14  Roach x6  
  80  12:28  Roach  
  80  12:29  Roach x4  
  86  12:38  Roach x5  
  80  13:00  Roach x6  
  80  13:01  Roach x4  
  80  13:03  Roach x4  
  100  13:06  Nydus Canal  
  100  13:10  Roach  
  100  13:11  Zergling x2  
  101  13:30  Nydus Canal  
  101  13:40  Drone x3  
  100  13:54  Spore Crawler  
  91  13:56  Spore Crawler  
  91  13:58  Nydus Canal  
  90  14:03  Drone x3  
  90  14:30  Hydralisk Den  
  84  14:47  Overlord  
  84  14:48  Overlord x4  
  68  15:28  Overlord x3  
  68  15:34  Overlord x2  
Show
View Real Time Build Order
Export as new Build Order

oframpage Terran 

Build Orders:  

Get SALT Encoding   

  12  0:00  SCV  
  13  0:16  Supply Depot  
  13  0:17  SCV  
  14  0:29  SCV  
  15  0:41  Barracks, SCV  
  16  0:53  SCV  
  17  0:58  Supply Depot  
  17  1:05  SCV  
  18  1:11  Refinery  
  18  1:18  SCV  
  19  1:25  Refinery  
  19  1:30  SCV  
  19  1:31  Engineering Bay  
  19  1:32  Marine  
  21  1:42  SCV  
  22  1:54  SCV  
  22  2:00  Marine  
  24  2:06  SCV  
  25  2:17  Factory  
  25  2:18  Marine  
  26  2:35  Command Center, Marine  
  26  2:36  SCV  
  28  2:53  Marine, SCV  
  30  3:03  Factory Tech Lab  
  30  3:05  SCV  
  31  3:14  Refinery  
  31  3:31  Supply Depot  
  31  3:46  Marine  
  31  3:47  SCV  
  33  3:55  Supply Depot  
  33  4:04  Marine  
  34  4:20  Siege Tank  
  35  4:32  Starport  
  32  4:39  Marine  
  32  4:52  Siege Tank  
  32  4:57  Marine  
  33  5:09  Starport  
  33  5:10  SCV  
  34  5:14  Marine  
  35  5:22  SCV  
  35  5:24  Siege Tank  
  39  5:32  Marine  
  39  5:34  SCV  
  39  5:35  Starport Tech Lab  
  41  5:46  SCV  
  41  5:47  SCV  
  43  5:50  Marine  
  44  5:58  SCV  
  44  5:59  SCV  
  46  6:08  Marine  
  46  6:10  SCV  
  46  6:11  Starport Tech Lab, Fusion Core, SCV  
  49  6:22  SCV  
  49  6:23  SCV  
  51  6:26  Marine  
  52  6:34  SCV  
  52  6:35  SCV  
  52  6:37  Command Center  
  54  6:43  Marine  
  55  7:01  Marine  
  56  7:50  Refinery  
  53  8:04  Orbital Command  
  53  8:09  Planetary Fortress  
  53  8:14  Refinery  
  53  8:19  SCV  
  54  8:31  SCV  
  52  8:41  Battlecruiser  
  55  8:42  Battlecruiser  
  52  9:45  Battlecruiser, Refinery  
  57  11:09  Battlecruiser  
  13  14:26  Command Center  
Show
View Real Time Build Order
Export as new Build Order

Benjanator Protoss 

Build Orders: Oracle Opening, Carriers 

Get SALT Encoding   

  12  0:01  Probe  
  13  0:13  Probe  
  14  0:19  Pylon  
  14  0:25  Probe  
  15  0:37  Gateway  
  15  0:39  Probe (Chrono Boost)  
  16  0:49  Probe (Chrono Boost)  
  17  0:54  Assimilator, Probe (Chrono Boost)  
  18  1:01  Forge  
  18  1:05  Probe (Chrono Boost)  
  19  1:18  Probe (Chrono Boost)  
  19  1:23  Assimilator  
  20  1:28  Probe  
  20  1:31  Pylon  
  21  1:39  Cybernetics Core  
  21  1:40  Probe  
  22  1:52  Probe  
  23  1:56  Photon Cannon  
  23  2:17  Nexus  
  23  2:27  Pylon  
  23  2:40  Stargate  
  23  2:55  Photon Cannon  
  23  2:58  Pylon  
  23  3:08  Protoss Shields Level 1  
  23  3:15  Probe (Chrono Boost)  
  24  3:24  Oracle  
  24  3:27  Probe (Chrono Boost)  
  28  3:31  Probe (Chrono Boost)  
  29  3:42  Probe  
  29  3:44  Stalker  
  32  3:56  Probe (Chrono Boost)  
  33  4:06  Probe (Chrono Boost)  
  34  4:11  Probe (Chrono Boost)  
  34  4:16  Pylon  
  35  4:22  Probe  
  36  4:34  Probe  
  34  4:38  Photon Cannon  
  34  4:40  Photon Cannon  
  34  4:58  Probe (Chrono Boost)  
  36  5:08  Probe (Chrono Boost)  
  36  5:12  Probe (Chrono Boost)  
  36  5:19  Pylon  
  37  5:24  Probe  
  38  5:30  Fleet Beacon  
  38  5:33  Pylon  
  38  5:34  Stargate  
  38  5:36  Probe (Chrono Boost)  
  38  5:37  Stargate  
  38  5:42  Photon Cannon, Probe (Chrono Boost)  
  40  5:46  Probe (Chrono Boost)  
  42  5:50  Probe (Chrono Boost), Pylon  
  42  5:51  Photon Cannon, Probe (Chrono Boost)  
  42  5:55  Photon Cannon  
  44  6:05  Assimilator  
  44  6:07  Assimilator, Probe (Chrono Boost)  
  45  6:13  Carrier (Chrono Boost)  
  45  6:17  Probe (Chrono Boost)  
  51  6:22  Probe (Chrono Boost)  
  58  6:26  Carrier (Chrono Boost)  
  58  6:33  Probe  
  53  8:05  Pylon  
  53  8:08  Pylon  
  53  8:31  Carrier  
  53  8:33  Carrier  
  65  8:34  Carrier  
  71  8:44  Pylon  
  71  8:46  Robotics Facility  
  71  9:06  Photon Cannon  
  71  9:18  Photon Cannon  
  71  9:41  Pylon  
  71  9:44  Nexus  
  71  10:02  Photon Cannon, Probe  
  72  10:08  Assimilator  
  72  10:11  Carrier  
  72  10:12  Assimilator  
  72  10:14  Carrier, Probe, Pylon  
  84  10:17  Pylon  
  85  10:34  Assimilator  
  85  10:35  Assimilator  
  85  10:36  Probe  
  86  10:44  Photon Cannon  
  86  10:46  Photon Cannon  
  86  10:48  Probe  
  86  10:49  Photon Cannon  
  87  11:02  Protoss Air Weapons Level 1  
  66  12:22  Probe  
  73  12:27  Pylon  
  73  12:30  Pylon  
  73  12:34  Probe  
  74  12:46  Probe  
  76  12:58  Probe  
  76  13:10  Probe  
Tags
 
Add a new tag
Caveats
  • Supply blocks, unpowered buildings, or Contaminate may cause inaccurate times.
  • Supply counts are checked every 10 seconds.